 Dungeon Crawl Stone Soup version 0.32-a0-411-g744942f433 (webtiles) character file.

Game seed: 10225676971383637914

63868 cforsyth the Warrior (level 15, 0/125 (129) HPs)
             Began as a Coglin Gladiator on Feb 20, 2024.
             Was a Follower of Wu Jian.
             Succumbed to Nessos's poison
             ... on level 1 of the Orcish Mines.
             The game lasted 00:59:36 (28810 turns).

cforsyth the Warrior (Coglin Gladiator)            Turns: 28810, Time: 00:59:36

HP:   0/125 (129)   AC: 34    Str: 15    XL:     15   Next: 11%
MP:   15/15         EV:  8    Int:  8    God:    Wu Jian [*.....]
Gold: 2277          SH:  0    Dex: 28    Spells: 14/14 levels left

rFire   . . .        M - +3 dagger (venom) {Olaf}
rCold   + + .        A - +7 Spriggan's Knife {stab, EV+4 Stlth+}
rNeg    . . .        t - +1 crystal plate armour {rC+}
rPois   .            c - +0 helmet
rElec   .            n - +0 cloak {rC+}
rCorr   .            y - +0 pair of gloves
SInv    .            q - +0 pair of boots
Will    +....        l - amulet of regeneration Stlth
                     T - +4 ring of protection
HPRegen 1.20/turn    D - +6 ring of dexterity
MPRegen 0.14/turn

%: no passive effects
@: confused, lethally poisoned (0 -> -28), marked, lightly drained
A: off-hand wielding, slow wielding, warmup strikes, legs shutdown, inability to
read after injury 1
a: Renounce Religion


You were on level 1 of the Orcish Mines.
You worshipped Wu Jian.
Wu Jian was aware of your devotion.
You visited 4 branches of the dungeon, and saw 20 of its levels.
You also visited: Ice Cave.

You collected 2277 gold pieces.


Innate Abilities, Weirdness & Mutations

You can wield a second weapon in your off-hand.
It takes a long time for you to wield or remove held weapons.
Your first few attacks do less damage.
Attacking and casting redirects power from your legs.
You occasionally lose the ability to read scrolls when taking damage.


   Skills:
 + Level 15.5 Fighting
 + Level 15.4 Long Blades
 - Level 1.7 Throwing
 + Level 14.0 Armour
 - Level 2.6 Dodging


You had 14 spell levels left.
You didn't know any spells.
Your spell library contained the following spells:

 Spells                   Type           Power      Damage    Failure   Level
 Kiss of Death            Conj/Necr      0%         2d5       100%        1
 Slow                     Hex            0%         N/A       100%        1
 Blink                    Tloc           0%         N/A       100%        2
 Lesser Beckoning         Tloc           0%         N/A       100%        2
 Momentum Strike          Conj/Tloc      0%         3d8       100%        2
 Confusing Touch          Hex            0%         N/A       100%        3
 Sigil of Binding         Hex            0%         N/A       100%        3
 Stone Arrow              Conj/Erth      0%         3d7       100%        3
 Vampiric Draining        Necr           0%         2d6       100%        3
 Animate Armour           Summ/Erth      0%         N/A       100%        4
 Dispel Undead            Necr           0%         3d6       100%        4
 Lehudib's Crystal Spear  Conj/Erth      0%         10d2      100%        8

Inventory:

Hand Weapons
 a - a +0 long sword {Soledad}
 b - a +1 dagger of speed {Zola}
 s - a +0 long sword {Rafael}
 A - the +7 Spriggan's Knife (offhand) {stab, EV+4 Stlth+}
   (You found it in an ice cave)

   Stab:      It is more effective when stabbing unaware enemies, sometimes
   treating them as though they were completely helpless.
   EV+4:      It affects your evasion (+4).
   Stlth+:    It makes you more stealthy.
 M - a +3 dagger of venom (weapon) {Olaf}
Missiles
 e - 3 javelins
 S - 4 throwing nets (quivered) {=f}
Armour
 c - a +0 helmet (worn)
 n - a +0 cloak of cold resistance (worn)
 q - a +0 pair of boots (worn)
 t - a +1 crystal plate armour of cold resistance (worn)
 y - a +0 pair of gloves (worn)
Magical Staves
 C - a staff of death {!a}
Jewellery
 l - an amulet of regeneration (around neck)
 v - a ring of see invisible
 D - a +6 ring of dexterity (right grasper)
 E - a +5 ring of evasion
 F - a ring of protection from fire
 Q - an amulet of reflection
 T - a +4 ring of protection (left grasper)
 V - a +6 ring of dexterity
Wands
 d - a wand of roots (4)
 L - a wand of flame (56)
 R - a wand of quicksilver (4)
 W - a wand of digging (6)
 Y - a wand of charming (4)
 Z - a wand of mindburst (4)
Scrolls
 g - 2 scrolls of revelation
 h - 2 scrolls of enchant weapon
 j - 3 scrolls of fog
 m - 4 scrolls of noise
 o - 2 scrolls of teleportation {@r2}
 u - 5 scrolls of immolation
 x - 3 scrolls of amnesia
 z - 2 scrolls of identify {@r1}
 B - a scroll of fear
 H - 2 scrolls of silence {!r}
 J - 2 scrolls of poison
 K - a scroll of brand weapon
 O - a scroll of enchant armour
Potions
 f - 5 potions of brilliance
 i - 3 potions of berserk rage {!q}
 k - a potion of magic
 p - 2 potions of mutation
 r - 2 potions of curing {@q1}
 w - a potion of might
 I - a potion of invisibility
 N - 4 potions of lignification
 P - 2 potions of enlightenment
 U - a potion of ambrosia
 X - a potion of attraction
Miscellaneous
 G - a lightning rod (4/4)

Dungeon Overview and Level Annotations

Branches:
Dungeon (12/15)            Temple (1/1) D:6            Lair (5/5) D:9
 Shoals (0/4) Lair:2        Snake (0/4) Lair:2        Slime (0/5) Lair:4
    Orc (2/2) D:11          IceCv (visited)
    Elf: Orc:2

Altars:
Ashenzari
Cheibriados
Dithmenos
Elyvilon
Fedhas
Gozag
Hepliaklqana
Kikubaaqudgha
Makhleb
Nemelex Xobeh
Okawaru
Qazlal
Ru
Sif Muna
Trog
Uskayaw
Vehumet
Wu Jian
Xom
Yredelemnul
Zin
The Shining One
Beogh
Lugonu

Shops:
D:4 [   D:11 [

Portals:
Abyss: Lair:5

Annotations:
Lair:2 2 transporters
Lair:5 2 transporters, Hanaexe's ghost, journeyman DgDe
Orc:2 Nessos; Saint Roka

#...#......##...#######
##..##....#......##.#.##
#...#..........##.....#
##..#......#....##....#
#####........##.....#....##
##.##........#............#
#...#.....................##
##..#...#....[.[..........#.##
#....#.#......@[.....#.......##
#.........[...[o..............#
#..........................#.##
##.#........[...............##
##......[.)[..#......#.#....#
##..▒▒▒▒▒.....#.........##..##
#
#...▒...▒......#........##...#
#
##.#▒...▒.)....###......###.##
#
##.##▒...▒......#####.....####


You could see an orc warrior.


Message History

You are more poisoned.
* * * LOW HITPOINT WARNING * * *
Things that are here:
a +0 leather armour; a +0 club; an orc skeleton Unknown command.
You feel very sick.
Nessos zaps a wand.
Your will is overpowered!
You are confused.
Nessos shoots an arrow.
The arrow hits you!
* * * LOW HITPOINT WARNING * * *
The arrow burns you.
* * * LOW HITPOINT WARNING * * *
Nessos shoots an arrow.
The arrow barely misses you.
There is a stone staircase leading up, spattered with blood here.
Unknown command.
You feel very sick.
Nessos shoots an arrow.
The arrow hits you!
* * * LOW HITPOINT WARNING * * *
The arrow burns you.
You are more poisoned.
* * * LOW HITPOINT WARNING * * *
Nessos shoots an arrow.
The arrow hits you!
* * * LOW HITPOINT WARNING * * *
The arrow burns you.
You are more poisoned.
* * * LOW HITPOINT WARNING * * *
The orc warrior hits you but does no damage.
You climb upwards.
You die...

Skill      XL: |  1  2  3  4  5  6  7  8  9 10 11 12 13 14 15 |
---------------+----------------------------------------------+-----
Armour         | 1 2 3 4 5 7 8 10 11 12 13 14 | 14.0
Fighting       | 3 4 5 6 8 9 11 12 14 15 | 15.5
Long Blades    | 4 5 7 8 9 11 12 14 15 | 15.4
Throwing       | |  1.7
Dodging        | |  2.6

Action                     |  1- 3 |  4- 6 |  7- 9 | 10-12 | 13-15 || total
---------------------------+-------+-------+-------+-------+-------++-------
  Melee: Long sword        |    63 |   160 |   349 |   870 |    18 ||  1460
         Dagger            |       |       |   181 |   781 |  1455 ||  2417
         Knife             |       |       |       |    25 |  1492 ||  1517
  Throw: Throwing net      |       |       |     1 |       |       ||     1
Ability: Lunge             |       |       |       |       |    15 ||    15
         Whirlwind         |       |       |       |       |    39 ||    39
  Evoke: Wand              |       |       |       |     5 |    10 ||    15
         Lightning rod     |       |       |       |       |     1 ||     1
    Use: Scroll            |       |       |     1 |    20 |    12 ||    33
         Potion            |       |       |       |     3 |     3 ||     6
   Stab: Sleeping          |     2 |       |       |     1 |       ||     3
         Distracted        |       |       |       |     1 |       ||     1
         Paralysed         |       |       |       |       |     1 ||     1
 Armour: Leather armour    |    24 |       |       |       |       ||    24
         Ring mail         |     9 |   109 |   193 |   474 |       ||   785
         Crystal plate arm |       |       |       |    32 |  1386 ||  1418
  Dodge: Dodged            |    56 |    71 |   164 |   327 |   427 ||  1045
  Block: Other             |       |       |       |    93 |   112 ||   205
         Reflection        |       |       |       |     1 |       ||     1

Levels and vault maps discovered:
D:1:      nzn_arrival_settlement, layout_basic
D:2:      minmay_door_path, layout_basic, basic_altar, lexackson_kobold_supper
D:3:      layout_basic, minivault_23
D:4:      layout_rooms, amcnicky_mini_corridor_feature, nicolae_stop_n_shop_1
D:5:      layout_loops_ring, mainiacjoe_overflow_catch_the_wave,
          grunt_ministairs_8, kennysheep_minor_cross
D:6:      layout_basic, temple_pool_b, minmay_starry_boxes
D:7:      layout_rooms
D:8:      kb_forest_paths, layout_loops_ring
D:9:      layout_irregular_city, nzn_hepliaklqana_mist_gate,
          david_lair_shrubbed, uniq_prince_ribbit1, uniq_maurice
D:10:     layout_loops_ring, nemelex_diamond_rough_becter, uniq_lodul
D:11:     layout_grid_maze, orc_0_dummy, serial_shops, nicolae_shop_stone
D:12:     layout_loops_corners, uniq_sonja
Temple:   dpeg_five_rooms_temple
Lair:1:   layout_roguey, st_stairs_12, lemuel_another_geyser
Lair:2:   gammafunk_cloud_chamber, layout_layer_cave,
          nicolae_shoals_entry_roost, guppyfry_snake_entry_garden,
          portal_ice_cave_entry_ice_simulacra, infiniplex_staircase_pool_2
Lair:3:   layout_loops_ring, chequers_serial_rivers_small_3,
          nicolae_lair_run_with_the_wolves, uniq_amaemon
Lair:4:   layout_gridlike, minmay_slime_entry_pillars,
          nicolae_lair_grove_arrangements
Lair:5:   hellmonk_lair_end_abyssal_woods, layout_long_grid,
          gammafunk_ghost_wrathful_warriors
Orc:1:    layout_caves, basic_altar, minmay_orc_barracks, uniq_nergalle
Orc:2:    st_orc_congregation, layout_diamond_mine, uniq_nessos, uniq_saint_roka

Notes
Turn   | Place    | Note
-------+----------+-------------------------------------------
     0 | D:1      | cforsyth the Coglin Gladiator began the quest for the Orb.
     0 | D:1      | Reached XP level 1. HP: 16/16 MP: 1/1
   166 | D:1      | Reached XP level 2. HP: 22/22 MP: 2/2
   353 | D:1      | Reached skill level 1 in Armour
   702 | D:2      | Reached XP level 3. HP: 28/28 MP: 3/3
  1111 | D:2      | Reached XP level 4. HP: 34/34 MP: 4/4
  1263 | D:2      | Reached skill level 3 in Fighting
  1536 | D:3      | Reached skill level 4 in Long Blades
  1536 | D:3      | Reached skill level 2 in Armour
  1536 | D:3      | Reached XP level 5. HP: 26/41 MP: 5/5
  2304 | D:4      | Noticed an ogre
  2313 | D:4      | Killed an ogre
  2314 | D:4      | Reached skill level 4 in Fighting
  2314 | D:4      | Reached XP level 6. HP: 15/48 MP: 6/6
  2464 | D:4      | Reached skill level 3 in Armour
  2758 | D:4      | Found Detz's Armour Emporium.
  2962 | D:5      | Entered Level 5 of the Dungeon
  3035 | D:5      | Reached skill level 5 in Long Blades
  3035 | D:5      | Reached XP level 7. HP: 53/55 MP: 7/7
  3221 | D:5      | Found a hide-covered altar of Uskayaw.
  3263 | D:5      | Reached skill level 5 in Fighting
  3263 | D:5      | Reached skill level 4 in Armour
  3344 | D:5      | Found a shimmering blue altar of Sif Muna.
  3672 | D:5      | Reached XP level 8. HP: 63/63 MP: 8/8
  3741 | D:5      | Reached skill level 6 in Long Blades
  4268 | D:6      | Reached skill level 6 in Fighting
  4268 | D:6      | Reached skill level 5 in Armour
  4353 | D:6      | Found a staircase to the Ecumenical Temple.
  4605 | D:6      | Reached skill level 7 in Long Blades
  4605 | D:6      | Reached XP level 9. HP: 62/71 MP: 9/9
  4766 | D:6      | Reached skill level 7 in Fighting
  4782 | D:6      | Reached skill level 6 in Armour
  5150 | D:7      | Noticed a troll
  5288 | D:7      | You fall into a shaft and drop 2 floors!
  5324 | D:9      | Noticed Prince Ribbit
  5347 | D:9      | Killed Prince Ribbit
  5502 | D:9      | Reached skill level 8 in Long Blades
  5606 | D:9      | Noticed Maurice
  5617 | D:9      | Something stole 346 gold
  5618 | D:9      | Killed Maurice
  5619 | D:9      | Reached skill level 8 in Fighting
  5619 | D:9      | Reached skill level 7 in Armour
  5619 | D:9      | Found a hazy altar of Hepliaklqana.
  5676 | D:9      | Found a staircase to the Lair.
  5676 | D:9      | Noticed a komodo dragon
  5766 | D:9      | Reached XP level 10. HP: 28/80 MP: 10/10
  6290 | D:8      | Noticed a two-headed ogre
  6593 | D:9      | Killed a two-headed ogre
  6594 | D:9      | Reached skill level 9 in Long Blades
  6831 | D:9      | Reached skill level 9 in Fighting
  7078 | D:8      | Reached skill level 8 in Armour
  8126 | D:8      | Reached XP level 11. HP: 79/90 MP: 11/11
  8134 | D:8      | Reached skill level 10 in Long Blades
  8145 | D:8      | Reached skill level 10 in Fighting
  8765 | D:10     | Entered Level 10 of the Dungeon
  8776 | D:10     | Reached skill level 9 in Armour
  8938 | D:10     | Noticed Lodul
  9538 | D:10     | Noticed a two-headed ogre
  9549 | D:10     | Killed a two-headed ogre
  9687 | D:10     | Killed Lodul
  9993 | D:10     | Found a sparkling altar of Nemelex Xobeh.
 10469 | D:11     | Found Hysil's Armour Boutique.
 10974 | D:11     | Reached skill level 11 in Long Blades
 10989 | D:11     | Reached skill level 11 in Fighting
 11139 | D:11     | Found a staircase to the Orcish Mines.
 12111 | D:12     | Reached skill level 10 in Armour
 12273 | D:12     | Noticed Sonja
 12283 | D:12     | Killed Sonja
 12284 | D:12     | Reached XP level 12. HP: 95/100 MP: 12/12
 13205 | Lair:1   | Entered Level 1 of the Lair of Beasts
 13782 | Lair:1   | Reached skill level 12 in Long Blades
 13913 | Lair:1   | Reached skill level 12 in Fighting
 14601 | Lair:2   | Found a frozen archway.
 14623 | IceCv    | Entered an ice cave
 15362 | IceCv    | HP: 3/102 [something] (23)]
 15713 | IceCv    | Reached skill level 11 in Armour
 16214 | IceCv    | Noticed a reaper
 16215 | IceCv    | Found the +7 Spriggan's Knife {stab, EV+4 Stlth+}
 16233 | IceCv    | Killed a reaper
 16240 | IceCv    | Identified a +1 crystal plate armour of cold resistance
 16693 | Lair:2   | Reached XP level 13. HP: 77/109 MP: 13/13
 16836 | Lair:2   | Found a staircase to the Snake Pit.
 16929 | Lair:2   | Found a transporter.
 16973 | Lair:2   | Found a staircase to the Shoals.
 17231 | Lair:2   | Reached skill level 13 in Long Blades
 17318 | Lair:2   | Found a transporter.
 17546 | Lair:2   | Reached skill level 13 in Fighting
 17793 | Lair:2   | Identified the +6 chain mail of Vueg {Fly}
 18692 | Lair:3   | Noticed Amaemon
 18723 | Lair:3   | Killed Amaemon
 18734 | Lair:3   | Reached skill level 12 in Armour
 21106 | Lair:4   | Found a staircase to the Slime Pits.
 21301 | Lair:5   | Entered Level 5 of the Lair of Beasts
 21445 | Lair:5   | Found a transporter.
 21449 | Lair:5   | Noticed Hanaexe's ghost (journeyman DgDe)
 21531 | Lair:5   | Reached skill level 14 in Fighting
 21531 | Lair:5   | Reached skill level 14 in Long Blades
 21703 | Lair:5   | Reached XP level 14. HP: 111/120 MP: 14/14
 22027 | Lair:5   | Found a transporter.
 22032 | Lair:5   | Found a bloodstained altar of Trog.
 23033 | Lair:5   | Reached skill level 13 in Armour
 24364 | Lair:5   | Found a corrupted altar of Lugonu.
 24364 | Lair:5   | Found a one-way gate to the infinite horrors of the Abyss.
 24685 | Orc:1    | Entered Level 1 of the Orcish Mines
 24769 | Orc:1    | Found a roughly hewn altar of Beogh.
 24848 | Orc:1    | Noticed an orc warlord
 24930 | Orc:1    | Killed an orc warlord
 24931 | Orc:1    | Reached skill level 15 in Fighting
 24987 | Orc:1    | Noticed Nergalle
 25096 | Orc:1    | Killed Nergalle
 25097 | Orc:1    | Reached skill level 15 in Long Blades
 25342 | Orc:1    | Noticed an orc warlord
 25603 | D:11     | Killed an orc warlord
 26010 | Temple   | Entered the Ecumenical Temple
 26041 | Temple   | Became a worshipper of the Wu Jian Council
 26206 | Orc:2    | Entered Level 2 of the Orcish Mines
 27609 | Orc:2    | Paralysed by an orc sorcerer for 5 turns
 27840 | Orc:2    | Reached XP level 15. HP: 77/129 MP: 15/15
 27864 | Orc:2    | Reached * piety under Wu Jian
 27865 | Orc:2    | Noticed an orc warlord
 28212 | Orc:2    | Gained mutation: You occasionally lose the ability to read
                  | scrolls when taking damage. [a neqoxec]
 28261 | Orc:1    | Paralysed by an orc sorcerer for 3 turns
 28416 | Orc:2    | Killed an orc warlord
 28645 | Orc:2    | Noticed an orc warlord
 28668 | Orc:2    | Noticed Nessos
 28672 | Orc:2    | Noticed Saint Roka
 28691 | Orc:2    | Reached skill level 14 in Armour
 28809 | Orc:2    | HP: 11/125 [Nessos/arrow (8)]
 28810 | Orc:1    | Succumbed to Nessos's poison

Vanquished Creatures
  A reaper (IceCv)
  3 orc warlords
  8 hydras
  A boulder beetle (Lair:5)
  2 two-headed ogres
  3 death yaks
  3 thrashing horrors (Lair:5)
  2 orc high priests (Orc:2)
  Nergalle (Orc:1)
  Sonja (D:12)
  Amaemon (Lair:3)
  A skyshark (Lair:3)
  Lodul (D:10)
  A lindwurm (Lair:3)
  A large abomination (Lair:5)
  2 orc knights
  A harpy (Lair:2)
  4 orc sorcerers
  2 wolf spiders (Lair:3)
  Maurice (D:9)
  5 elephants
  2 kobold blastminers (Orc:2)
  4 black mambas
  2 ice statues (IceCv)
  2 smoke demons (Lair:5)
  An orange demon (Lair:3)
  9 cane toads
  A torpor snail (Lair:5)
  A freezing wraith (IceCv)
  8 komodo dragons
  6 ice devils (IceCv)
  A polar bear (Lair:5)
  A raiju (Lair:5)
  4 trolls
  Prince Ribbit (D:9)
  A hornet (D:9)
  22 blink frogs
  A vampire (D:12)
  2 jumping spiders (shapeshifter) (Lair:5)
  A slime creature (Lair:3)
  2 shadows
  A wraith (D:8)
  8 spriggans
  A ynoxinul (Lair:5)
  41 yaks
  4 wyverns
  4 wargs
  2 basilisks
  4 chaos spawn (Lair:5)
  2 vampire mosquitoes
  2 nagas (Lair:2)
  A steam dragon (D:8)
  17 water moccasins
  2 acid dragons (D:11)
  2 sky beasts
  3 ice beasts (D:6)
  28 orc warriors
  3 black bears
  13 small abominations (Lair:5)
  12 wolves
  11 ogres
  5 centaurs
  3 phantoms
  2 kobold brigands (D:8)
  9 bullfrogs
  A two-headed ogre simulacrum (IceCv)
  3 gnoll sergeants
  2 scorpions (D:5)
  A cane toad simulacrum (IceCv)
  3 killer bees (D:9)
  2 elephant simulacra (IceCv)
  6 howler monkeys
  18 orc priests
  2 gnoll boudas
  5 jellies
  5 hounds
  2 sleepcaps
  3 iguanas
  32 orc wizards
  2 spriggan simulacra (IceCv)
  3 polar bear simulacra (IceCv)
  4 troll simulacra (IceCv)
  A wolf simulacrum (IceCv)
  7 adders
  33 gnolls
  A naga simulacrum (IceCv)
  2 white imps (IceCv)
  4 ufetubi
  3 dart slugs
  118 orcs
  3 bats
  3 endoplasms
  3 giant cockroaches (D:1)
  4 goblins
  6 hobgoblins
  6 jackals
  A quokka (D:2)
  6 ball pythons
  3 frilled lizards
  14 kobolds
  5 rats
614 creatures vanquished.

Vanquished Creatures (others)
  A thrashing horror (Lair:5)
  An orc priest (Orc:2)
  An orc wizard (Orc:2)
  2 orcs
5 creatures vanquished.

Grand Total: 619 creatures vanquished

Table legend: (Time is in decaauts)
 A = Elapsed time spent in this place.
 B = Non-inter-level travel time spent in this place.
 C = Inter-level travel time spent in this place.
 D = Time resting spent in this place.
 E = Time spent auto-exploring this place.
 F = Levels seen in this place.
 G = Mean time per level.
                   A        B        C        D        E       F      G
               +--------+--------+--------+--------+--------+-----+--------+
         Total |  27918 |  26558 |   1360 |   5491 |  15998 |  21 | 1329.4 |
       Dungeon |  13576 |  12754 |    822 |   2107 |   8500 |  12 | 1131.3 |
        Temple |     60 |      1 |     59 |      0 |      0 |   1 |   60.0 |
          Lair |   9046 |   8669 |    377 |   1180 |   5950 |   5 | 1809.2 |
  Orcish Mines |   3380 |   3280 |    100 |   1323 |   1027 |   2 | 1690.0 |
      Ice Cave |   1854 |   1854 |      0 |    881 |    521 |   1 | 1854.0 |
               +--------+--------+--------+--------+--------+-----+--------+

Top non-repeatable levels by time:
  Lair:5: 2842 daAuts
     D:9: 2412 daAuts
  Lair:3: 2136 daAuts
   Orc:2: 1903 daAuts
   IceCv: 1854 daAuts
    D:11: 1755 daAuts
  Lair:2: 1581 daAuts
   Orc:1: 1477 daAuts
    D:10: 1431 daAuts
  Lair:1: 1315 daAuts
     D:5: 1222 daAuts
  Lair:4: 1170 daAuts
    D:12: 1136 daAuts
     D:3: 1076 daAuts
     D:6: 1008 daAuts

Table legend:
 A = Non-vault XP
 B = Vault XP
 C = Vault XP percentage of total XP
 D = Non-vault monster count
 E = Vault monster count
 F = Vault count percentage of total count
                 A         B        C        D         E       F
            +---------+---------+-------+---------+---------+-------
      Total |   55100 |   36140 |  39.6 |     426 |     193 |  31.2
            +---------+---------+-------+---------+---------+-------
        D:1 |      30 |       0 |   0.0 |      10 |       0 |   0.0
        D:2 |      33 |      39 |  54.2 |      12 |      11 |  47.8
        D:3 |     157 |       0 |   0.0 |      25 |       0 |   0.0
        D:4 |     297 |       0 |   0.0 |      18 |       0 |   0.0
        D:5 |     799 |     186 |  18.9 |      35 |       2 |   5.4
        D:6 |    1083 |     230 |  17.5 |      20 |       5 |  20.0
        D:7 |     759 |       0 |   0.0 |      21 |       0 |   0.0
        D:8 |    1008 |    2087 |  67.4 |      15 |      15 |  50.0
        D:9 |    2368 |    1869 |  44.1 |      33 |       7 |  17.5
       D:10 |    2187 |    1460 |  40.0 |      12 |       7 |  36.8
       D:11 |    4754 |       0 |   0.0 |      34 |       0 |   0.0
       D:12 |    2127 |     773 |  26.7 |      14 |       1 |   6.7
     Lair:1 |    5229 |     188 |   3.5 |      21 |       1 |   4.5
     Lair:2 |    3729 |    1332 |  26.3 |      15 |       4 |  21.1
     Lair:3 |    7235 |    3074 |  29.8 |      24 |      10 |  29.4
     Lair:4 |    5685 |      43 |   0.8 |      15 |       1 |   6.2
     Lair:5 |   13250 |    9975 |  42.9 |      36 |      37 |  50.7
      Orc:1 |    1863 |    3561 |  65.7 |      31 |      21 |  40.4
      Orc:2 |    2507 |    6237 |  71.3 |      35 |      42 |  54.5
      IceCv |       0 |    5086 | 100.0 |       0 |      29 | 100.0
            +---------+---------+-------+---------+---------+-------
